 Dungeon Crawl Stone Soup version 0.22-a0-422-g9628fc8 (webtiles) character file.

1776 raistware the Thaumaturge (level 8, -6/52 HPs)
             Began as a Mummy Wizard on May 16, 2018.
             Was a Follower of Sif Muna.
             Killed by divine providence
             ... invoked by an orc priest
              (12 damage)
             ... on level 7 of the Dungeon.
             The game lasted 00:24:32 (8784 turns).

raistware the Thaumaturge (Mummy Wizard)            Turns: 8784, Time: 00:24:33

Health: -6/52      AC:  4    Str: 10    XL:     8   Next: 81%
Magic:  9/20       EV: 11    Int: 19    God:    Sif Muna [*.....]
Gold:   302        SH:  0    Dex:  6    Spells: 6/23 levels left

rFire    x . .     SeeInvis .   q - +4 trident of the Realm of Zot {pierce, rN+}
rCold    + + .     Gourm    .   (no shield)
rNeg     + + +     Faith    .   a - +0 robe
rPois    ∞         Spirit   .   b - +0 hat
rElec    .         Reflect  .   j - scarf {cloud immunity}
rCorr    .         Harm     .   u - +1 pair of gloves
MR       +....                  (no boots)
Stlth    +.........             (no amulet)
HPRegen  0.17/turn              d - ring of protection from cold
MPRegen  0.17/turn              m - -5 ring of dexterity (curse)

@: no status effects
A: no food or potions, fire vulnerability, cold resistance 1, negative energy
resistance 3, torment resistance, unbreathing
a: Divine Energy, Renounce Religion


You were on level 7 of the Dungeon.
You worshipped Sif Muna.
Sif Muna was aware of your devotion.
You were not hungry.

You visited 2 branches of the dungeon, and saw 8 of its levels.

You collected 302 gold pieces.

Inventory:

Hand Weapons
 n - a +0 hand axe
 o - a +1 trident of venom
 q - the +4 trident of the Realm of Zot (weapon) {pierce, rN+}
   (You found it on level 5 of the Dungeon)

   It inflicts extra damage upon your enemies.
   It protects you from negative energy.
Armour
 a - a +0 robe (worn)
 b - a +0 hat (worn)
 j - a scarf of cloud immunity (worn)
 s - a +0 leather armour of magic resistance
 u - a +1 pair of gloves (worn)
Jewellery
 d - a ring of protection from cold (left hand)
 m - a cursed -5 ring of dexterity (right hand)
 r - a +5 ring of dexterity
Scrolls
 c - 7 scrolls of identify
 e - 4 scrolls of random uselessness {unknown}
 f - 6 scrolls of remove curse
 g - 4 scrolls of blinking {unknown}
 h - a scroll of amnesia {unknown}
 i - a scroll of noise {unknown}
 k - a scroll of enchant weapon {unknown}
 l - 2 scrolls of teleportation {unknown}
 p - a scroll of holy word {unknown}
 t - a scroll of enchant armour {unknown}


   Skills:
 - Level 1.5 Dodging
 - Level 1.5 Stealth
 - Level 8.0 Spellcasting
 + Level 5.8 Conjurations
 - Level 0.7 Summonings
 - Level 0.7 Translocations
 + Level 5.1 Fire Magic
 + Level 2.0 Ice Magic


You had 6 spell levels left.
You knew the following spells:

 Your Spells              Type           Power        Failure   Level  Hunger
a - Magic Dart            Conj           ####         1%          1    N/A
b - Blink                 Tloc           N/A          11%         2    N/A
c - Call Imp              Summ           ##......     11%         2    N/A
d - Conjure Flame         Conj/Fire      ####....     3%          3    N/A
e - Mephitic Cloud        Conj/Pois/Air  ##......     12%         3    N/A
f - Freezing Cloud        Conj/Ice/Air   ###.......   99%         6    N/A

Your spell library contained the following spells:

 Spells                   Type           Power        Failure   Level  Hunger
 Slow                     Hex            #.......     14%         2    N/A
 Summon Small Mammal      Summ           ##..         7%          1    N/A
 Summon Ice Beast         Ice/Summ       ##......     45%         4    N/A
 Shock                    Conj/Air       ###.         2%          1    N/A
 Call Canine Familiar     Summ           ##......     21%         3    N/A
 Summon Lightning Spire   Summ/Air       #.......     61%         4    N/A
 Summon Guardian Golem    Hex/Summ       #.......     24%         3    N/A
 Poisonous Vapours        Pois/Air       #.....       14%         2    N/A

Dungeon Overview and Level Annotations

Branches:
Dungeon (7/15)             Temple (1/1) D:6

Altars:
Ashenzari
Cheibriados
Dithmenos
Elyvilon
Fedhas
Gozag
Hepliaklqana
Kikubaaqudgha
Makhleb
Nemelex Xobeh
Okawaru
Qazlal
Ru
Sif Muna
Trog
Uskayaw
Vehumet
Wu Jian
Xom
Yredelemnul
Zin
The Shining One

Annotations:
D:5 5 runed doors


Innate Abilities, Weirdness & Mutations

You do not eat or drink.
Your flesh is vulnerable to fire.
You are immune to poison.
Your flesh is cold resistant. (rC+)
You are immune to negative energy. (rN+++)
You are immune to unholy pain and torment.
You can survive without breathing.


Message History

The phantom blinks!
An orc comes into view. It is wielding a dagger.
You are too injured to fight recklessly!
Attack whom?
Press: ? - help, Dir - move target cursor, f - orc warrior
Aim: an orc warrior, wielding a long sword and wearing a plate armour You reach to attack!
You barely miss the orc warrior.
The orc warrior hits you with a long sword!!
* * * LOW HITPOINT WARNING * * *
An orc priest comes into view. It is wielding a dagger.
Okay, then.
Casting: Magic Dart (safe; 1% risk of failure)
Confirm with . or Enter, or press ? or * to list all spells.
You blink.
An orc priest comes into view. It is wielding a club.
The orc priest shouts!
The phantom hits you but does no damage.
The orc priest invokes the aid of Beogh against you.
Beogh smites you!
You die...

##################
#§o@..o..........#
#.W...†.oo.......#
#........).......+
#########.†.....<#
.....##........#
.......>.......#
..n..##%......##
.... #.......# ...
#.......#


You could see a phantom, an orc warrior, 2 orc priests and an orc.

Vanquished Creatures
  Grinder (D:3)
  Eustachio (D:5)
  Menkaure (D:7)
  An ogre (D:4)
  2 sky beasts
  3 bullfrogs (D:6)
  3 scorpions
  A water moccasin skeleton (D:4)
  2 crimson imps (D:6)
  2 hounds
  2 orc priests
  An iguana (D:5)
  6 orc wizards
  A worker ant (D:6)
  9 adders
  2 shadow imps
  An adder zombie (D:4)
  2 adder skeletons (D:5)
  2 worms
  2 dart slugs
  5 leopard geckos
  20 orcs
  2 ball pythons (D:2)
  2 giant cockroaches
  9 goblins
  4 hobgoblins
  5 jackals
  4 quokkas
  7 bats
  15 frilled lizards
  3 kobolds
  6 rats
127 creatures vanquished.

Vanquished Creatures (collateral kills)
  A necrophage (D:7)
  An orc wizard (D:3)
  A leopard gecko (D:3)
  2 orcs
5 creatures vanquished.

Vanquished Creatures (others)
  A worker ant (D:3)
1 creature vanquished.

Grand Total: 133 creatures vanquished

Notes
Turn   | Place    | Note
-------+----------+-------------------------------------------
     0 | D:1      | raistware the Mummy Wizard began the quest for the Orb.
     0 | D:1      | Reached XP level 1. HP: 13/13 MP: 5/5
    85 | D:1      | Reached skill level 1 in Conjurations
   416 | D:1      | Reached XP level 2. HP: 19/19 MP: 2/7
   420 | D:1      | Learned a level 2 spell: Blink
   423 | D:1      | Learned a level 2 spell: Call Imp
  1399 | D:1      | Reached XP level 3. HP: 24/24 MP: 6/8
  1404 | D:1      | Learned a level 3 spell: Conjure Flame
  1569 | D:1      | Learned a level 3 spell: Mephitic Cloud
  2256 | D:2      | Reached XP level 4. HP: 30/30 MP: 3/10
  2807 | D:3      | Reached skill level 1 in Fire Magic
  3110 | D:3      | Reached skill level 5 in Spellcasting
  3380 | D:3      | Found a bloodstained altar of Trog.
  3611 | D:3      | Noticed Grinder
  3623 | D:3      | Paralysed by Grinder for 5 turns
  3640 | D:3      | Reached XP level 5. HP: 25/35 MP: 5/12
  3676 | D:3      | Paralysed by Grinder for 5 turns
  4077 | D:3      | Paralysed by Grinder for 4 turns
  4125 | D:3      | Killed Grinder
  4125 | D:3      | Reached XP level 6. HP: 21/41 MP: 1/14
  4486 | D:4      | Reached skill level 6 in Spellcasting
  5496 | D:3      | Reached XP level 7. HP: 26/46 MP: 13/16
  5853 | D:4      | Found a hazy altar of Hepliaklqana.
  6205 | D:5      | Entered Level 5 of the Dungeon
  6338 | D:5      | Reached skill level 7 in Spellcasting
  6852 | D:5      | Found a runed gate.
  6854 | D:5      | Found a runed gate.
  6854 | D:5      | Found a runed gate.
  6862 | D:5      | Found a runed door.
  6871 | D:5      | Found a runed door.
  6881 | D:5      | Got a brightly glowing trident
  6882 | D:5      | Identified the +4 trident of the Realm of Zot {pierce, rN+} (You found it on level 5 of the Dungeon)
  6889 | D:5      | Noticed Eustachio
  6904 | D:5      | Killed Eustachio
  6904 | D:5      | Reached XP level 8. HP: 44/52 MP: 6/19
  7500 | D:6      | Reached skill level 5 in Conjurations
  7578 | D:6      | Found a staircase to the Ecumenical Temple.
  7587 | Temple   | Entered the Ecumenical Temple
  7806 | Temple   | Became a worshipper of Sif Muna the Loreminder
  7897 | D:6      | Reached skill level 8 in Spellcasting
  8143 | D:6      | Identified the Almanac of Companions and Weightlessness
  8162 | D:6      | Learned a level 6 spell: Freezing Cloud
  8358 | D:6      | Reached * piety under Sif Muna
  8358 | D:6      | Reached skill level 1 in Ice Magic
  8736 | D:7      | Noticed Menkaure
  8754 | D:7      | Killed Menkaure
  8763 | D:7      | Reached skill level 5 in Fire Magic
  8784 | D:7      | Killed from afar by an orc priest

Vault maps used:
D:1:      dpeg_arrival_boxes_within_box, minmay_lizard_king
D:3:      trog_butcher_becter, uniq_grinder
D:4:      overflow_temple_1_default
D:5:      first_ration, minmay_guarded_unrand_staff_of_olgreb, uniq_eustachio
D:6:      temple_hall, st_stairs_12
D:7:      uniq_menkaure, uniq_crazy_yiuf_cottage
Temple:   roderic_octagonal_lattice_temple

Skill      XL: |  1  2  3  4  5  6  7  8 |
---------------+-------------------------+-----
Conjurations   | 1 2 3 4 5 |  5.8
Fire Magic     | 1 2 3 5 |  5.1
Spellcasting   | 5 6 7 8 |  8.0
Ice Magic      | 2 |  2.0
Dodging        | |  1.5
Stealth        | |  1.5
Summonings     | |  0.7
Translocations | |  0.7

Action                   |  1- 3 |  4- 6 |  7- 9 || total
-------------------------+-------+-------+-------++-------
Melee: Unarmed           |    10 |       |       ||    10
       Hand axe          |       |    52 |       ||    52
       Trident           |       |       |    81 ||    81
 Cast: Magic Dart        |   102 |   127 |   123 ||   352
       Call Imp          |       |    12 |     2 ||    14
       Mephitic Cloud    |       |     5 |     2 ||     7
       Conjure Flame     |       |     1 |     5 ||     6
       Blink             |       |       |     1 ||     1
  Use: Scroll            |       |     2 |       ||     2
 Stab: Sleeping          |       |     1 |       ||     1
       Confused          |       |     2 |       ||     2
       Distracted        |       |       |     1 ||     1
Armor: Robe              |     3 |    12 |     7 ||    22
Dodge: Dodged            |    23 |    64 |    54 ||   141

Table legend:
 A = Spawn XP
 B = Non-spawn XP
 C = Spawn XP percentage of total XP
 D = Spawn monster count
 E = Non-spawn monster count
 F = Spawn count percentage of total count
 G = Total turns spent on level
                    A         B        C        D         E        F      G
               +---------+---------+-------+---------+---------+-------+---------
         Total |       0 |    2538 |   0.0 |       0 |     133 |   0.0 |  8784
               +---------+---------+-------+---------+---------+-------+---------
           D:1 |       0 |      46 |   0.0 |       0 |      29 |   0.0 |  1570
           D:2 |       0 |      71 |   0.0 |       0 |      20 |   0.0 |  1436
           D:3 |       0 |     448 |   0.0 |       0 |      37 |   0.0 |  2266
           D:4 |       0 |     477 |   0.0 |       0 |      15 |   0.0 |   933
           D:5 |       0 |     549 |   0.0 |       0 |      12 |   0.0 |  1252
           D:6 |       0 |     639 |   0.0 |       0 |      16 |   0.0 |  1023
           D:7 |       0 |     308 |   0.0 |       0 |       4 |   0.0 |    68
               +---------+---------+-------+---------+---------+-------+---------
